 Dungeon Crawl Stone Soup version 0.21-a0-270-g8204059 (webtiles) character file.

20604 sagitran the Carver (level 12, 0/84 HPs)
             Began as a Demonspawn Gladiator on Sept 12, 2017.
             Killed by divine providence
             ... invoked by an orc priest
              (9 damage)
             ... on level 2 of the Orcish Mines on Sept 13, 2017.
             The game lasted 01:41:03 (16370 turns).

sagitran the Carver (Demonspawn Gladiator)         Turns: 16370, Time: 01:41:03

Health: 0/84       AC: 14    Str: 27    XL:     12   Next: 46%
Magic:  0/12       EV: 12    Int: 15    God:
Gold:   1154       SH: 22    Dex: 19    Spells: 9/11 levels left

rFire    . . .     SeeInvis .   h - +3 scimitar of Inul {venom, rElec rC+}
rCold    + + +     Gourm    .   U - +4 shield "Acaulint" {Int+6}
rNeg     + . .     Faith    .   W - +4 chain mail {rC+}
rPois    .         Spirit   +   (helmet restricted)
rElec    +         Reflect  .   B - +0 cloak
rCorr    +         Harm     .   M - +1 pair of gloves
MR       .....                  (boots unavailable)
Stlth    ..........             (no amulet)
HPRegen  0.24/turn              V - ring of resist corrosion
MPRegen  0.26/turn              (no ring)

@: mighty, about to teleport
A: horns 1, talons 3, large bone plates 2, agile 1, cold resistance 1, deformed
body, frail 1, negative energy resistance 1, spiny 1, strong 2, wild magic 1,
magic shield, magic regeneration
a: no special abilities


You were on level 2 of the Orcish Mines.
You were not hungry.

You visited 3 branches of the dungeon, and saw 15 of its levels.

You collected 1496 gold pieces.
You spent 342 gold pieces at shops.

Inventory:

Hand Weapons
 a - a +0 long sword
 h - the +3 scimitar of Inul (weapon) {venom, rElec rC+}
   (You bought it in a shop on level 9 of the Dungeon)

   It poisons the flesh of those it strikes.
   It protects you from cold.
   It insulates you from electricity.
 p - a cursed +3 scimitar
 r - a +4 long sword of freezing
 J - a +1 great sword of slicing
Missiles
 v - 4 tomahawks of returning (quivered)
 S - 7 tomahawks
 X - 4 silver tomahawks
Armour
 y - a +0 leather armour of cold resistance
 B - a +0 cloak (worn)
 M - a +1 pair of gloves (worn)
 U - the +4 shield "Acaulint" (worn) {Int+6}
   (You found it on level 10 of the Dungeon)

   It affects your intelligence (+6).
 W - a +4 chain mail of cold resistance (worn)
Magical Staves
 D - an uncursed staff of earth
Jewellery
 l - an uncursed amulet of faith
 z - an uncursed amulet of rage
 V - a ring of resist corrosion (left hand)
 Y - an uncursed amulet of harm
Wands
 w - a wand of digging (6/24)
 F - a wand of iceblast (9/15)
 G - a wand of acid (9/15)
 O - a wand of confusion (25/48)
 R - a wand of iceblast (2/15)
Scrolls
 d - 3 scrolls of amnesia {unknown}
 e - 2 scrolls of teleportation
 g - 2 scrolls of recharging
 m - a scroll of identify
 s - 2 scrolls of remove curse
Potions
 c - 2 potions of brilliance {unknown}
 i - a potion of flight {unknown}
 q - a potion of magic
 t - 2 potions of ambrosia
 u - 4 potions of lignification
 x - 4 potions of curing
 A - a potion of haste
 P - 3 potions of resistance {unknown}
 Z - a potion of heal wounds
Books
 b - a book of Flames

   Spells                             Type                      Level
   a - Flame Tongue                   Conjuration/Fire             1
   b - Throw Flame                    Conjuration/Fire             2
   c - Conjure Flame                  Conjuration/Fire             3
   d - Inner Flame                    Hexes/Fire                   3
   e - Sticky Flame                   Conjuration/Fire             4
   f - Fireball                       Conjuration/Fire             5
Comestibles
 f - 5 bread rations
 o - 4 meat rations
 E - a fruit


   Skills:
 + Level 8.3 Fighting
 + Level 12.2 Long Blades
 + Level 4.5 Throwing
 + Level 7.5 Armour
 + Level 6.8 Dodging
 + Level 2.1 Stealth
 + Level 7.1 Shields
 + Level 0.6 Evocations


You had 9 spell levels left.
You knew the following spells:

 Your Spells              Type           Power        Failure   Level  Hunger
a - Sandblast             Erth           #.....       99%         1    ##.....
b - Animate Skeleton      Necr           N/A          99%         1    ##.....


Dungeon Overview and Level Annotations

Branches:
Dungeon (12/15)            Temple (1/1) D:6            Lair (0/6) D:10
    Orc (2/2) D:10            Elf (0/3) Orc:2

Altars:
Ashenzari
Cheibriados
Dithmenos
Elyvilon
Fedhas
Gozag
Hepliaklqana
Kikubaaqudgha
Makhleb
Nemelex Xobeh
Okawaru
Qazlal
Ru
Sif Muna
Trog
Uskayaw
Vehumet
Wu Jian
Xom
Yredelemnul
Zin
The Shining One
Beogh

Shops:
D:8 :   D:9 }[(   D:11 !}


Innate Abilities, Weirdness & Mutations

You have claws for feet.
You are mostly covered in large bone plates. (SH +6)
You resist negative energy. (rN+)
You are partially covered in sharp spines.
When hurt, damage is shared between your health and your magic reserves.
You regenerate magic rapidly.
You have a pair of small horns on your head.
You are agile. (Dex +2)
Your flesh is cold resistant. (rC+)
Armour fits poorly on your strangely shaped body.
You are frail. (-10% HP)
Your muscles are very strong. (Str +4)
Your spells are a little harder to cast, but a little more powerful.


Message History

The orc high priest prays to Beogh.
Things that are here:
a leather armour; a flail The orc priest suddenly roars.
You block the orc priest's attack.
The orc warrior hits you but does no damage.
You block the orc warrior's attack.
The orc high priest mumbles some strange prayers to Beogh against you.
Beogh smites you!
* * * LOW HITPOINT WARNING * * *
Things that are here:
a great mace; a shiny chain mail; an orc corpse
As you read the scroll of teleportation, it crumbles to dust.
You feel strangely unstable. You block the orc's attack.
You block the orc priest's attack. You block the orc warrior's attack.
The orc warrior hits you from afar with a trident!
* * * LOW HITPOINT WARNING * * *
The orc priest invokes the aid of Beogh against you.
Beogh smites you!
You die...

###...)#.## #..#....#..###. *
##.#.......# ###.........##..
*##>.........#####.......##..##..
##.........()..#..........#...#..
#........)...................##..
#.....................##......#..
...................)...##........
.....†#.#......(...#####.........
...).######.....@...#####........
.......#.#.[[.oo))†##............
....)........([o).(..............
..............#o)....[.[.........
............3##..)...)[)))...#..[
..#...........###..).)<)))).....<
..#.....).4o### ##[..)..)))###..[
.........)..#*** #..)......# ###.
....#........#,**##.......## ##


You could see an orc high priest, an orange demon, a smoke demon, 2 orc
warriors, an orc priest and an orc.

Vanquished Creatures
  An orc warlord (Orc:2)
  The ghost of tidbits the Martial Artist, a novice DgTm (D:10)
  Urug (Orc:1)
  An orc high priest (Orc:2)
  4 two-headed ogres
  A deep troll (Orc:2)
  An orc knight (Orc:2)
  2 cyclopes (D:11)
  Psyche (D:8)
  3 centaur skeletons
  A komodo dragon (D:10)
  2 trolls
  A hornet (D:10)
  A merfolk (D:11)
  3 hippogriffs
  A shadow (D:11)
  A wyvern (D:8)
  Sigmund (D:6)
  2 wraiths
  20 yaks
  2 hungry ghosts (D:10)
  A warg (Orc:2)
  Edmund (D:4)
  21 orc warriors
  A black bear (D:11)
  2 ice beasts (D:8)
  A sky beast (D:11)
  7 ogres
  A wolf (D:8)
  3 centaurs
  A big kobold (D:10)
  3 bullfrogs
  2 troll zombies (D:10)
  4 scorpions
  5 killer bees (D:7)
  3 wights (D:11)
  2 howler monkeys (D:10)
  2 electric eels (D:8)
  7 crimson imps
  2 centaur zombies
  3 bullfrog skeletons
  3 hounds
  Crazy Yiuf (D:6)
  16 orc wizards
  17 orc priests
  A gnoll shaman (Orc:2)
  Ijyb (D:3)
  Natasha (thrice) (D:3)
  9 worker ants
  4 ogre zombies (D:10)
  A hound zombie (D:8)
  A howler monkey zombie (D:6)
  A gnoll (D:1)
  14 adders
  3 shadow imps
  A white imp (D:8)
  An ufetubus (D:8)
  An ooze (D:2)
  An adder zombie (D:7)
  An adder skeleton (D:4)
  2 worms
  An adder simulacrum (D:8)
  3 dart slugs
  9 leopard geckos
  70 orcs
  A ball python (D:4)
  9 bats
  4 giant cockroaches
  5 goblins
  10 hobgoblins
  7 jackals
  6 quokkas
  A ball python skeleton (D:4)
  7 frilled lizards
  A goblin skeleton (D:10)
  2 goblin zombies (D:10)
  A hobgoblin skeleton (D:10)
  A hobgoblin zombie (D:10)
  9 kobolds
  A leopard gecko zombie (D:7)
  2 orc skeletons (D:10)
  12 orc zombies (D:10)
  2 quokka skeletons
  6 rats
  A fungus (D:6)
376 creatures vanquished.

Vanquished Creatures (others)
  5 plants (D:10)
5 creatures vanquished.

Grand Total: 381 creatures vanquished

Notes
Turn   | Place    | Note
-------+----------+-------------------------------------------
     0 | D:1      | sagitran the Demonspawn Gladiator began the quest for the Orb.
     0 | D:1      | Reached XP level 1. HP: 16/16 MP: 1/1
   328 | D:1      | Gained mutation: You have sharp toenails. [demonic ancestry]
   328 | D:1      | Reached XP level 2. HP: 17/22 MP: 2/2
   477 | D:1      | Reached skill level 3 in Long Blades
   523 | D:1      | Gained mutation: You are clumsy. (Dex -2) [potion of mutation]
   523 | D:1      | Gained mutation: Your spells are a little easier to cast, but a little less powerful. [potion of mutation]
   523 | D:1      | Gained mutation: You are resistant to electric shocks. (rElec) [potion of mutation]
   523 | D:1      | Gained mutation: You have a pair of small horns on your head. [potion of mutation]
   528 | D:1      | Gained mutation: You are partially covered in large bone plates. (SH +4) [demonic ancestry]
   528 | D:1      | Reached XP level 3. HP: 3/27 MP: 3/3
   529 | D:1      | HP: 1/27 [bat (1)]
  1293 | D:2      | Reached skill level 1 in Armour
  1293 | D:2      | Gained mutation: You have razor-sharp toenails. [demonic ancestry]
  1293 | D:2      | Reached XP level 4. HP: 34/34 MP: 4/4
  1536 | D:3      | Found a faded altar of an unknown god.
  2327 | D:3      | Gained mutation: You have claws for feet. [demonic ancestry]
  2327 | D:3      | Reached XP level 5. HP: 36/39 MP: 5/5
  2433 | D:3      | Noticed Natasha
  2441 | D:3      | Killed Natasha
  2700 | D:3      | Noticed Ijyb
  2716 | D:3      | Killed Ijyb
  2716 | D:3      | Reached skill level 4 in Long Blades
  2871 | D:3      | Found a faded altar of an unknown god.
  2871 | D:3      | Found a sparkling altar of Nemelex Xobeh.
  2876 | D:3      | Found a sacrificial altar of Ru.
  2878 | D:3      | Found a faded altar of an unknown god.
  2879 | D:3      | Found an iron altar of Okawaru.
  3038 | D:3      | Noticed Natasha
  3043 | D:3      | Killed Natasha
  3054 | D:3      | Noticed Natasha
  3068 | D:3      | Killed Natasha
  3068 | D:3      | Gained mutation: When hurt, damage is shared between your health and your magic reserves. [demonic ancestry]
  3068 | D:3      | Reached XP level 6. HP: 15/46 MP: 6/6
  3468 | D:4      | Noticed Edmund
  3890 | D:4      | Killed Edmund
  3890 | D:4      | Reached skill level 5 in Long Blades
  3890 | D:4      | Reached XP level 7. HP: 49/52 MP: 7/7
  4682 | D:5      | Entered Level 5 of the Dungeon
  4719 | D:5      | Found a stormy altar of Qazlal.
  4900 | D:5      | Got a crude battleaxe
  4901 | D:5      | Identified the +1 battleaxe of Peril {chop, rElec rN+++ Str+2 Int-3} (You found it on level 5 of the Dungeon)
  5886 | D:6      | Reached skill level 1 in Stealth
  5958 | D:6      | Reached XP level 8. HP: 60/60 MP: 8/8
  6078 | D:6      | Found a runed door.
  6111 | D:6      | Reached skill level 6 in Long Blades
  6285 | D:6      | Found a staircase to the Ecumenical Temple.
  6615 | D:6      | Noticed Sigmund
  6635 | D:6      | Killed Sigmund
  6962 | Temple   | Entered the Ecumenical Temple
  7219 | D:6      | Noticed Crazy Yiuf
  7235 | D:6      | Killed Crazy Yiuf
  7428 | D:7      | Learned a level 1 spell: Sandblast
  7497 | D:7      | Reached skill level 7 in Long Blades
  8210 | D:7      | Reached skill level 5 in Armour
  8214 | D:7      | Gained mutation: You regenerate magic rapidly. [demonic ancestry]
  8214 | D:7      | Reached XP level 9. HP: 48/67 MP: 9/9
  8453 | D:8      | Learned a level 1 spell: Animate Skeleton
  8510 | D:8      | Reached skill level 5 in Dodging
  8515 | D:8      | Reached skill level 5 in Fighting
  8744 | D:9      | Found Xarauvua's Gadget Boutique.
  8767 | D:8      | Noticed Psyche
  8772 | D:8      | Killed Psyche
  8914 | D:8      | Found Vaap's Book Emporium.
  8959 | D:8      | Reached skill level 8 in Long Blades
  9213 | D:8      | Reached skill level 1 in Shields
 10065 | D:9      | Found Xyklat's Antique Weapon Boutique.
 10238 | D:8      | Lost mutation: You are clumsy. (Dex -2) [potion of mutation]
 10238 | D:8      | Lost mutation: You have a pair of small horns on your head. [potion of mutation]
 10238 | D:8      | Lost mutation: You are resistant to electric shocks. (rElec) [potion of mutation]
 10238 | D:8      | Lost mutation: Your spells are a little easier to cast, but a little less powerful. [potion of mutation]
 10238 | D:8      | Gained mutation: Your muscles are strong. (Str +2) [potion of mutation]
 10238 | D:8      | Gained mutation: Your spells are a little harder to cast, but a little more powerful. [potion of mutation]
 10238 | D:8      | Gained mutation: You are mostly covered in large bone plates. (SH +6) [potion of mutation]
 10238 | D:8      | Gained mutation: Your flesh is cold resistant. (rC+) [potion of mutation]
 10239 | D:8      | Upgraded the game from 0.21-a0-265-gb353147 to 0.21-a0-270-g8204059
 10487 | D:9      | Found Xauchasa's Armour Shop.
 10904 | D:9      | Found an ancient bone altar of Kikubaaqudgha.
 10906 | D:9      | Found an ornate altar of the Wu Jian Council.
 10961 | D:9      | Bought a crystal scimitar for 342 gold pieces
 10961 | D:9      | Identified the +3 scimitar of Inul {venom, rElec rC+} (You bought it in a shop on level 9 of the Dungeon)
 10980 | D:10     | Entered Level 10 of the Dungeon
 10999 | D:10     | Mutation became permanent: You are partially covered in large bone plates. (SH +4) [demonic ancestry]
 10999 | D:10     | Gained mutation: You are mostly covered in large bone plates. (SH +6) [demonic ancestry]
 10999 | D:10     | Reached XP level 10. HP: 48/76 MP: 6/10
 11229 | D:10     | Reached skill level 9 in Long Blades
 11389 | D:10     | Noticed tidbits's ghost (novice DgTm)
 11588 | D:9      | Found a shimmering altar of Xom.
 11593 | D:9      | Found a burning altar of Makhleb.
 11596 | D:9      | Found a snail-covered altar of Cheibriados.
 11677 | D:10     | Got a crude shield
 11706 | D:9      | Identified the +4 shield "Acaulint" {Int+6} (You found it on level 10 of the Dungeon)
 11930 | D:10     | Killed tidbits's ghost
 12015 | D:10     | Found a staircase to the Lair.
 12270 | D:10     | Reached skill level 10 in Long Blades
 12317 | D:10     | Found a staircase to the Orcish Mines.
 12373 | D:10     | Noticed a two-headed ogre
 12380 | D:10     | Killed a two-headed ogre
 12637 | D:11     | Gained mutation: You resist negative energy. (rN+) [demonic ancestry]
 12637 | D:11     | Reached XP level 11. HP: 72/84 MP: 8/11
 12691 | D:11     | Found Apnull's Distillery.
 12711 | D:11     | Found Bisheana's Gadget Emporium.
 13221 | D:11     | Gained mutation: You have a pair of small horns on your head. [mutagenic meat]
 13222 | D:11     | Gained mutation: You are agile. (Dex +2) [mutagenic meat]
 13224 | D:11     | Gained mutation: Your muscles are very strong. (Str +4) [mutagenic meat]
 13225 | D:11     | Gained mutation: Armour fits poorly on your strangely shaped body. [mutagenic meat]
 13580 | D:11     | Reached skill level 11 in Long Blades
 13580 | D:11     | Reached skill level 5 in Shields
 13834 | Orc:1    | Entered Level 1 of the Orcish Mines
 14139 | D:10     | Noticed a two-headed ogre
 14147 | D:10     | Killed a two-headed ogre
 14435 | Orc:2    | Entered Level 2 of the Orcish Mines
 14475 | Orc:2    | Noticed a two-headed ogre
 14488 | Orc:2    | Killed a two-headed ogre
 14595 | Orc:1    | Found a roughly hewn altar of Beogh.
 14658 | Orc:1    | Noticed Urug
 14673 | Orc:1    | Killed Urug
 14753 | Orc:1    | Noticed an orc knight
 14756 | Orc:1    | Noticed an orc knight
 14827 | Orc:2    | Noticed a deep troll
 14843 | Orc:2    | Killed a deep troll
 14843 | Orc:2    | Gained mutation: You are partially covered in sharp spines. [demonic ancestry]
 14843 | Orc:2    | Reached XP level 12. HP: 45/92 MP: 8/12
 15067 | Orc:2    | Noticed a two-headed ogre
 15388 | Orc:1    | Killed a two-headed ogre
 15714 | Orc:2    | Noticed an orc high priest
 15903 | Orc:2    | Gained mutation: You are frail. (-10% HP) [a neqoxec]
 15906 | Orc:2    | Killed an orc high priest
 16003 | Orc:2    | Found a staircase to the Elven Halls.
 16084 | Orc:2    | Noticed an orc warlord
 16322 | Orc:2    | Reached skill level 12 in Long Blades
 16361 | Orc:2    | Killed an orc warlord
 16367 | Orc:2    | Noticed an orc high priest
 16370 | Orc:2    | Killed from afar by an orc priest

Vault maps used:
D:1:      dpeg_arrival_concentric_ovals
D:3:      chequers_temple_overflow_minitemple, first_bread,
          chequers_ecumenical_altar_island, uniq_ijyb, uniq_natasha
D:4:      uniq_edmund
D:5:      hangedman_abyss_or_decor_passed, nicolae_qazlal_general_emergency
D:6:      minmay_temple_entry_large_hall, uniq_crazy_yiuf_cottage, uniq_sigmund
D:8:      serial_ice, serial_ice_k, serial_ice_a, serial_ice_m, serial_ice_e,
          serial_ice_n, serial_ice_b, serial_shops, kennysheep_mini_moat,
          uniq_psyche
D:9:      nicolae_overflow_hidden_temple, serial_shops, nicolae_shop_crystal,
          nicolae_shop_waterfront, nicolae_shop_temple_entry_statues_fountains
D:10:     david_lair_shrubbed, zombieorc1_lemuel
D:11:     serial_shops, nicolae_shop_window_shopping, shop, hangedman_fish_farm,
          kennysheep_generic_room_15
Temple:   dpeg_chambers_temple
Orc:1:    basic_altar, guppyfry_orc_lava_fort, uniq_urug
Orc:2:    st_orc_congregation, minmay_orc_temple_c

Skill      XL: |  1  2  3  4  5  6  7  8  9 10 11 12 |
---------------+-------------------------------------+-----
Throwing       | 2 3 4 |  4.5
Dodging        | 3 4 5 6 |  6.8
Long Blades    | 3 4 5 7 8 10 11 12 | 12.2
Armour         | 1 2 3 5 6 7 |  7.5
Fighting       | 3 4 5 7 8 |  8.3
Stealth        | 1 2 |  2.1
Shields        | 1 3 6 7 |  7.1
Evocations     | |  0.6

Action                   |  1- 3 |  4- 6 |  7- 9 | 10-12 || total
-------------------------+-------+-------+-------+-------++-------
Melee: Long sword        |    80 |   181 |   138 |       ||   399
       Kick              |    13 |    50 |    97 |   239 ||   399
       Headbutt          |     5 |    26 |    50 |    75 ||   156
       Great sword       |       |       |   123 |       ||   123
       Scimitar          |       |       |    14 |   598 ||   612
       Staff             |       |       |     1 |       ||     1
Throw: Throwing net      |     6 |     3 |     2 |     1 ||    12
       Tomahawk          |       |       |    14 |    29 ||    43
       Stone             |       |       |       |     6 ||     6
       Javelin           |       |       |       |    14 ||    14
Evoke: Wand              |       |       |     2 |     4 ||     6
  Use: Potion            |     1 |     1 |     4 |     2 ||     8
       Scroll            |       |     3 |    17 |    11 ||    31
 Stab: Held in net/web   |     2 |       |       |       ||     2
  Eat: Chunk             |     1 |     7 |     8 |    12 ||    28
       Royal jelly       |       |     1 |     2 |     1 ||     4
       Bread ration      |       |       |     2 |       ||     2
       Fruit             |       |       |     1 |     5 ||     6
       Meat ration       |       |       |       |     2 ||     2
Armor: Leather armour    |    12 |       |     1 |       ||    13
       Ring mail         |    19 |    40 |    92 |    45 ||   196
       Skin              |       |     4 |     1 |       ||     5
       Chain mail        |       |       |       |    53 ||    53
Dodge: Dodged            |    68 |   125 |   222 |    99 ||   514
Block: Other             |     9 |    31 |    69 |     7 ||   116
       Shield            |       |       |       |   491 ||   491
       Rpst.: Long sword |    20 |    40 |    26 |       ||    86
       Great sword       |       |       |    32 |       ||    32
       Scimitar          |       |       |     6 |    24 ||    30

Table legend:
 A = Spawn XP
 B = Non-spawn XP
 C = Spawn XP percentage of total XP
 D = Spawn monster count
 E = Non-spawn monster count
 F = Spawn count percentage of total count
 G = Total turns spent on level
                    A         B        C        D         E        F      G
               +---------+---------+-------+---------+---------+-------+---------
         Total |       0 |   29435 |   0.0 |       0 |     375 |   0.0 | 16370
               +---------+---------+-------+---------+---------+-------+---------
           D:1 |       0 |      67 |   0.0 |       0 |      32 |   0.0 |  1270
           D:2 |       0 |     101 |   0.0 |       0 |      19 |   0.0 |   818
           D:3 |       0 |     314 |   0.0 |       0 |      31 |   0.0 |  1757
           D:4 |       0 |     531 |   0.0 |       0 |      15 |   0.0 |   839
           D:5 |       0 |     295 |   0.0 |       0 |      10 |   0.0 |  1167
           D:6 |       0 |     854 |   0.0 |       0 |      18 |   0.0 |  1347
           D:7 |       0 |     803 |   0.0 |       0 |      16 |   0.0 |  1017
           D:8 |       0 |    1439 |   0.0 |       0 |      17 |   0.0 |  1963
           D:9 |       0 |     535 |   0.0 |       0 |      11 |   0.0 |   962
          D:10 |       0 |    6711 |   0.0 |       0 |      69 |   0.0 |  1632
          D:11 |       0 |    7263 |   0.0 |       0 |      52 |   0.0 |  1248
         Orc:1 |       0 |    2586 |   0.0 |       0 |      18 |   0.0 |  1136
         Orc:2 |       0 |    7936 |   0.0 |       0 |      67 |   0.0 |   997
               +---------+---------+-------+---------+---------+-------+---------
